 Dungeon Crawl Stone Soup version 0.21-a0-42-gb537e02 (webtiles) character file.

813 Gallahalt the Cudgeler (level 7, 0/45 HPs)
             Began as a Demonspawn Gladiator on June 4, 2017.
             Was a Believer of Hepliaklqana.
             Slain by Pikel
             ... wielding a +2 whip of freezing
              (1 damage)
             ... on level 5 of the Dungeon.
             The game lasted 00:12:50 (4007 turns).

Gallahalt the Cudgeler (Demonspawn Gladiator)       Turns: 4007, Time: 00:12:51

Health: 0/45       AC:  6    Str: 22    XL:     7   Next: 61%
Magic:  7/7        EV: 15    Int:  9    God:    Hepliaklqana [**....]
Gold:   269        SH:  0    Dex: 20    Spells: 6/6 levels left

rFire    . . .     SeeInvis .   a - +0 flail
rCold    . . .     Gourm    .   (no shield)
rNeg     . . .     Faith    .   b - +0 leather armour
rPois    .         Spirit   .   c - +0 helmet
rElec    .         Reflect  .   (no cloak)
rCorr    .         Harm     .   v - +1 pair of gloves
MR       .....                  (no boots)
Stlth    ++........             (no amulet)
Regen    0.2/turn               g - +6 ring of dexterity
MPRegen  0.1/turn               n - +5 ring of strength

@: no status effects
A: reduced essence, hooves 2, powered by pain 2
a: Recall Ancestor, Ancestor Identity, Renounce Religion


You were on level 5 of the Dungeon.
You worshipped Hepliaklqana.
Hepliaklqana was pleased with you.
You were not hungry.

You visited 1 branch of the dungeon, and saw 5 of its levels.

You collected 269 gold pieces.

Inventory:

Hand Weapons
 a - a +0 flail (weapon)
Missiles
 d - 3 throwing nets (quivered)
Armour
 b - a +0 leather armour (worn)
 c - a +0 helmet (worn)
 o - a +0 pair of gloves
 v - a +1 pair of gloves (worn)
Jewellery
 g - a +6 ring of dexterity (left hand)
 n - a +5 ring of strength (right hand)
 y - an uncursed ring of protection from cold {unknown}
Wands
 B - a wand of flame (19/48)
Scrolls
 f - 2 scrolls of magic mapping {unknown}
 h - a scroll of enchant armour {unknown}
 j - 3 scrolls of remove curse
 m - 4 scrolls of amnesia {unknown}
 p - a scroll of teleportation {unknown}
 q - 2 scrolls of enchant weapon {unknown}
 u - 5 scrolls of identify
 x - a scroll of fog {unknown}
 C - a scroll of recharging {unknown}
Potions
 e - 2 potions of heal wounds {unknown}
 i - a potion of degeneration {unknown}
 k - a potion of invisibility
 l - a potion of flight {unknown}
 r - a potion of ambrosia {unknown}
 s - a potion of might
 w - a potion of curing {unknown}
 z - a potion of lignification {unknown}
 A - a potion of agility {unknown}
 E - a potion of haste {unknown}
Comestibles
 t - a meat ration
 D - 3 bread rations
 F - a royal jelly


   Skills:
 - Level 2.0 Fighting
 * Level 7.0 Maces & Flails
 - Level 1.7 Throwing
 * Level 4.4 Dodging
 + Level 2.5 Stealth


You had 6 spell levels left.
You didn't know any spells.

Dungeon Overview and Level Annotations

Branches:
Dungeon (5/15)
 Temple: D:4-7

Altars:
Hepliaklqana
Nemelex Xobeh
Okawaru
Qazlal
Xom
Zin

Annotations:
D:5 Pikel


Innate Abilities, Weirdness & Mutations

You have hoof-like feet.
You sometimes gain power by taking damage.
Your life essence is reduced. (-10% HP)


Message History

Pikel completely misses you.
You hit Pikel but do no damage. Your kick misses Pikel.
Pikel is severely wounded.
Pikel hits you but does no damage.
You hit Pikel but do no damage. Your kick misses Pikel.
Pikel is severely wounded.
Pikel hits you with a whip of freezing! Pikel freezes you.
You hit Pikel but do no damage. You kick Pikel.
Pikel is severely wounded.
Pikel hits you with a whip of freezing!
* * * LOW HITPOINT WARNING * * *
Pikel freezes you.
* * * LOW HITPOINT WARNING * * *
Pikel says, "Why not give up?
You'll get fed.
Maybe."
There is a stone staircase leading up here.
You can't go down here!
Pikel hits you with a whip of freezing.
* * * LOW HITPOINT WARNING * * *
Pikel freezes you.
You die... .####..# #.# pp.ppK.#

#.#
p#####.#
#.# . #.#
#p# p #.#
#.# . #.#
#p# . #.#
#.# $ #.#
#.#######
. ..#
#.p.ppK@#
#########


You could see Pikel and 3 slaves.

Vanquished Creatures
  Menkaure (D:4)
  An ogre (D:4)
  The ghost of Gallahalt the Slasher, an amateur DsAK of Lugonu (D:3)
  A water moccasin skeleton (D:4)
  A worker ant (D:4)
  2 adders (D:2)
  5 worms
  3 ball pythons
  3 giant cockroaches
  3 goblins
  6 hobgoblins
  10 jackals
  A quokka (D:3)
  7 bats
  2 frilled lizards
  A kobold (D:1)
  A leopard gecko skeleton (D:4)
  11 rats
60 creatures vanquished.

Vanquished Creatures (collateral kills)
  A phantom (D:4)
  3 ogres
  A worker ant (D:4)
  An adder (D:2)
  A goblin (D:3)
  A ball python (D:4)
8 creatures vanquished.

Vanquished Creatures (others)
  3 knights
  3 ancestors (D:3)
6 creatures vanquished.

Grand Total: 74 creatures vanquished

Notes
Turn   | Place    | Note
-------+----------+-------------------------------------------
     0 | D:1      | Gallahalt the Demonspawn Gladiator began the quest for the Orb.
     0 | D:1      | Reached XP level 1. HP: 16/16 MP: 1/1
    91 | D:1      | Gained mutation: You sometimes gain a little power by taking damage. [demonic ancestry]
    91 | D:1      | Reached XP level 2. HP: 22/22 MP: 2/2
   281 | D:1      | Reached skill level 3 in Maces & Flails
   906 | D:1      | Reached XP level 3. HP: 17/27 MP: 3/3
  1109 | D:2      | Found a hazy altar of Hepliaklqana.
  1459 | D:2      | Became a worshipper of Hepliaklqana the Forgotten
  1644 | D:2      | Gained mutation: You have large cloven feet. [demonic ancestry]
  1644 | D:2      | Reached XP level 4. HP: 27/29 MP: 4/4
  2243 | D:3      | Reached * piety under Hepliaklqana
  2306 | D:3      | Noticed an ogre
  2320 | D:3      | Killed an ogre
  2320 | D:3      | Reached skill level 4 in Maces & Flails
  2320 | D:3      | Gained mutation: You have hoof-like feet. [demonic ancestry]
  2320 | D:3      | Reached XP level 5. HP: 34/34 MP: 5/5
  2461 | D:3      | Found a sparkling altar of Nemelex Xobeh.
  2492 | D:3      | Noticed Gallahalt's ghost (amateur DsAK)
  2778 | D:3      | Killed Gallahalt's ghost
  2778 | D:3      | Reached skill level 5 in Maces & Flails
  2778 | D:3      | Reached skill level 1 in Stealth
  3123 | D:4      | Reached ** piety under Hepliaklqana
  3124 | D:4      | Remembered your ancestor Amurritum as a knight
  3152 | D:4      | Noticed an ogre
  3168 | D:4      | Killed an ogre
  3168 | D:4      | Gained mutation: You sometimes gain power by taking damage. [demonic ancestry]
  3168 | D:4      | Reached XP level 6. HP: 22/39 MP: 6/6
  3185 | D:4      | Found a stormy altar of Qazlal.
  3257 | D:4      | Noticed Menkaure
  3271 | D:4      | Killed Menkaure
  3479 | D:4      | Reached skill level 6 in Maces & Flails
  3479 | D:4      | Reached XP level 7. HP: 24/45 MP: 7/7
  3655 | D:4      | Found a shimmering altar of Xom.
  3655 | D:4      | Found a glowing silver altar of Zin.
  3655 | D:4      | Noticed an angel
  3915 | D:5      | Entered Level 5 of the Dungeon
  3940 | D:5      | Found an iron altar of Okawaru.
  3940 | D:5      | Noticed Pikel
  3961 | D:5      | Reached skill level 7 in Maces & Flails
  4007 | D:5      | HP: 1/45 [Pikel/whip of freezing (5)]
  4007 | D:5      | Slain by Pikel

Vault maps used:
D:1:      lightli_arrival_statue_moat, glass_columns_c
D:2:      old_standard_altar, grunt_ministairs_3
D:3:      nemelex_xobeh_ov_fountains_minmay, minivault_23
D:4:      grunt_temple_overflow_order_and_chaos_1, lemuel_round_altar,
          first_bread, minivault_14, uniq_menkaure
D:5:      grunt_temple_overflow_diamond, grunt_temple_overflow_open,
          temple_pool_b, uniq_ijyb, uniq_pikel, uniq_eustachio

Skill      XL: |  1  2  3  4  5  6  7 |
---------------+----------------------+-----
Dodging        | 3 4 |  4.4
Maces & Flails | 3 4 5 6 7 |  7.0
Stealth        | 1 2 |  2.5
Fighting       | |  2.0
Throwing       | |  1.7

Action                   |  1- 3 |  4- 6 |  7- 9 || total
-------------------------+-------+-------+-------++-------
Melee: Flail             |   124 |    52 |    24 ||   200
       Kick              |       |    16 |    12 ||    28
Invok: Ancestor Life: Kn |       |     1 |       ||     1
  Use: Scroll            |     1 |     2 |       ||     3
       Potion            |       |     2 |       ||     2
 Stab: Sleeping          |     1 |     2 |     1 ||     4
       Distracted        |       |     1 |       ||     1
  Eat: Bread ration      |     1 |       |       ||     1
       Meat ration       |       |     1 |       ||     1
       Chunk             |       |     1 |       ||     1
Armor: Leather armour    |    52 |    15 |     5 ||    72
Dodge: Dodged            |   105 |    35 |    12 ||   152
